 Dungeon Crawl Stone Soup version 0.30-a0-986-g7f2e898f52 (webtiles) character file.

Game seed: 5077448209925222412

74 sanka the Insei (level 4, 0/40 HPs)
             Began as a Draconian Monk on Apr 1, 2023.
             Splashed by a jelly's acid (8 damage)
             ... on level 4 of the Dungeon.
             The game lasted 00:03:05 (2356 turns).

sanka the Insei (Draconian Monk)                    Turns: 2356, Time: 00:03:06

Health: 0/40       AC: -6    Str: 19    XL:     4   Next: 10%
Magic:  4/4        EV: 12    Int: 11    God:
Gold:   98         SH:  0    Dex: 15    Spells: 3/3 levels left

rFire   . . .      SeeInvis .      - Unarmed
rCold   . . .      Faith    .    (no shield)
rNeg    + . .      Spirit   .    (body armour unavailable)
rPois   .          Reflect  .    (helmet restricted)
rElec   .          Rampage  .    (no cloak)
rCorr   .                        f - +0 pair of gloves
Will    .....                    (no boots)
Stlth   ++                       (no amulet)
HPRegen 0.26/turn                l - +6 ring of strength
MPRegen 0.09/turn                p - ring of positive energy

@: corroded
A: AC +5, unfitting armour, cold-blooded
a: no special abilities


You were on level 4 of the Dungeon.
You visited 1 branch of the dungeon, and saw 4 of its levels.

You collected 98 gold pieces.


Innate Abilities, Weirdness & Mutations

Your plain brown scales are hard. (AC +5)
You cannot fit into any form of body armour.
You are cold-blooded and may be slowed by cold attacks.


   Skills:
 - Level 4.0 Fighting
 - Level 2.6 Dodging
 - Level 1.7 Stealth
 + Level 4.5 Unarmed Combat


You had 3 spell levels left.
You didn't know any spells.
Your spell library contained the following spells:

 Spells                   Type           Power      Damage    Failure   Level
 Apportation              Tloc           0%         N/A       34%         1
 Kiss of Death            Conj/Necr      0%         2d5       34%         1
 Necrotise                Necr           0%         1d4       34%         1
 Summon Small Mammal      Summ           0%         N/A       34%         1
 Confusing Touch          Hex            0%         N/A       71%         3
 Dispel Undead            Necr           0%         3d6       98%         4
 Petrify                  Tmut/Erth      0%         N/A       98%         4
 Metabolic Englaciation   Hex/Ice        0%         N/A       100%        5
 Statue Form              Tmut/Erth      0%         N/A       100%        6

Inventory:

Armour
 f - a +0 pair of gloves (worn)
Magical Staves
 d - a staff of cold
Jewellery
 l - a +6 ring of strength (left hand)
 p - a ring of positive energy (right hand)
 r - a ring of fire
Wands
 q - a wand of roots (11)
Scrolls
 b - 5 scrolls of identify {unknown}
 e - 2 scrolls of fog {unknown}
 g - a scroll of enchant armour {unknown}
 o - a scroll of amnesia {unknown}
Potions
 a - a potion of ambrosia
 c - 2 potions of curing {@q1}
 h - 2 potions of cancellation {unknown}
 i - a potion of degeneration {unknown}
 j - 2 potions of berserk rage {unknown}
 k - a potion of heal wounds {unknown}
 m - a potion of invisibility {unknown}
 n - a potion of attraction {unknown}

Dungeon Overview and Level Annotations

Branches:
Dungeon (4/15)
 Temple: D:4-7

Altars:
Makhleb

▒▒▒.. . ▒.... ..... ▒.
▒♣..~♣♣.....
▒▒.▒▒▒▒▒P~~~.♣.....
▒........~~~~......
.......~~~~......
...▒.~~.~......
▒▒.▒.♣......... .▒
▒▒...▒..dJ......... ..▒
▒....▒.....▒▒.....▒ ▒.▒
..▒▒....▒£...£▒▒.....▒ ▒.▒
........▒.▒.▒.▒▒.....▒ ▒.▒
▒......!....▒.▒......▒▒▒▒.▒
▒▒▒▒..▒▒▒.▒.▒...........▒.▒
...........▒.▒...........▒
▒▒▒▒.▒.......▒.......▒.▒.▒
.........).▒.....▒▒▒.▒.▒


You could see a jelly.


Message History

The jelly hits you but does no damage.
You hit the jelly but do no damage. The acid corrodes you!
Your hands burn!
You tail-slap the jelly, but do no damage.
The jelly is moderately wounded.
The jelly completely misses you.
You hit the jelly but do no damage.
Your hands burn!
The jelly is moderately wounded.
The jelly hits you. The acid corrodes you!
You are splashed with acid!
* * * LOW HITPOINT WARNING * * *
You hit the jelly. The acid corrodes you!
Your hands burn!
* * * LOW HITPOINT WARNING * * *
The jelly is heavily wounded.
The jelly hits you.
* * * LOW HITPOINT WARNING * * *
The acid corrodes you!
You are splashed with acid!
* * * LOW HITPOINT WARNING * * *
Unknown command.
It was a potion of curing.
The jelly hits you.
* * * LOW HITPOINT WARNING * * *
You are splashed with acid!
You die...

Action                     |  1- 3 |  4- 6 || total
---------------------------+-------+-------++-------
  Melee: Unarmed           |   158 |    14 ||   172
         Tailslap          |    18 |     2 ||    20
         Punch             |     2 |       ||     2
    Use: Potion            |       |     1 ||     1
   Stab: Sleeping          |     6 |       ||     6
 Armour: Skin              |    50 |     3 ||    53
  Dodge: Dodged            |    95 |     4 ||    99

Levels and vault maps discovered:
D:1:      minmay_arrival_doors, layout_rooms, serial_curves, eino_curves_02,
          eino_curves_01, fountainhead, minmay_quantized
D:2:      layout_basic, hellmonk_ecumenical_altar_dog_temple
D:3:      layout_loops_ring, mainiacjoe_overflow_brackets,
          lightli_corner_chamber
D:4:      layout_basic, serial_demonic, serial_demonic_a, serial_demonic_c,
          serial_demonic_e, serial_demonic_c, serial_demonic_f,
          grunt_ministairs_7, uniq_ijyb

Notes
Turn   | Place    | Note
-------+----------+-------------------------------------------
     0 | D:1      | sanka the Draconian Monk began the quest for the Orb.
     0 | D:1      | Reached XP level 1. HP: 19/19 MP: 1/1
   126 | D:1      | Reached XP level 2. HP: 26/26 MP: 2/2
   265 | D:1      | Reached skill level 4 in Fighting
   491 | D:1      | Reached XP level 3. HP: 32/33 MP: 3/3
   902 | D:2      | Reached skill level 4 in Unarmed Combat
  1161 | D:2      | Found a faded altar of an unknown god.
  1466 | D:3      | Noticed a water moccasin
  1784 | D:3      | Reached XP level 4. HP: 40/40 MP: 4/4
  1849 | D:3      | Found a burning altar of Makhleb.
  2356 | D:4      | Splashed by a jelly's acid

Vanquished Creatures
  3 dart slugs
  2 orcs
  2 ball pythons
  6 bats
  6 endoplasms
  4 giant cockroaches (D:1)
  4 goblins
  5 hobgoblins
  6 jackals
  4 quokkas (D:2)
  4 frilled lizards
  6 kobolds
  4 rats
56 creatures vanquished.
